TOP OF THE 1ST |
Rio Grande Rattlesnake batting - Pitching for Minnesota ManBearPigs : LHP Glenn Fox
|
Pitching: LHP Glenn Fox
|
|
Batting: RHB Juan López
|
0-0: Ground out 6-3 (Groundball, 6)
|
Batting: RHB Paul Martin
|
0-0: Ball 1-0: Ball 2-0: Called Strike 2-1: Ball 3-1: Called Strike 3-2: Foul Ball, location: 2F 3-2: Fly out, F9 (Flyball, 9S)
|
Batting: RHB Miguel Hernández
|
0-0: SINGLE (Line Drive, 9LS)
|
Batting: SHB Brian Moyer
|
0-0: Called Strike 0-1: Ball 1-1: Foul Ball, location: 2F 1-2: Ball 2-2: Ball 3-2: Strikes out swinging
|
Top of the 1st over - 0 run(s), 1 hit(s), 0 error(s), 1 left on base; Rio Grande 0 - Minnesota 0 |
BOTTOM OF THE 1ST |
Minnesota ManBearPigs batting - Pitching for Rio Grande Rattlesnake : RHP Bryce Davis
|
Pitching: RHP Bryce Davis
|
|
Batting: LHB Elvin Summers
|
0-0: Ball 1-0: Ball 2-0: Ball 3-0: Base on Balls
|
Batting: RHB Casey Fox
|
0-0: Foul Ball, location: 2F 0-1: Called Strike 0-2: Ball 1-2: Ground out 2-3 (Groundball, 15S) Elvin Summers to second
|
Batting: RHB Pat Fernández
|
0-0: Ground out 5-3 (Groundball, 56S) Elvin Summers to third
|
Batting: RHB Ricardo Salazar
|
0-0: Called Strike 0-1: Foul Ball, location: 2F 0-2: Ball 1-2: Fly out, F9 (Flyball, 89S)
|
Bottom of the 1st over - 0 run(s), 0 hit(s), 0 error(s), 1 left on base; Rio Grande 0 - Minnesota 0 |
TOP OF THE 2ND |
Rio Grande Rattlesnake batting - Pitching for Minnesota ManBearPigs : LHP Glenn Fox
|
Batting: LHB Claudio Rodríguez
|
0-0: Ball 1-0: Ball 2-0: Ground out 4-3 (Groundball, 4)
|
Batting: RHB Jeff Bane
|
0-0: DOUBLE (Line Drive, 9)
|
Batting: RHB Gilberto Silva
|
0-0: Called Strike 0-1: Ball 1-1: Called Strike 1-2: Hit by Pitch
|
Batting: SHB Jeremy Holmes
|
0-0: Ball 1-0: Called Strike 1-1: Ball 2-1: Foul Ball, location: 2F 2-2: Foul Ball, location: 2F 2-2: Grounds into double play, 6-4-3 (Groundball, 6)
|
Top of the 2nd over - 0 run(s), 1 hit(s), 0 error(s), 1 left on base; Rio Grande 0 - Minnesota 0 |
BOTTOM OF THE 2ND |
Minnesota ManBearPigs batting - Pitching for Rio Grande Rattlesnake : RHP Bryce Davis
|
Batting: RHB Carlos López
|
0-0: SINGLE (Line Drive, 8LS)
|
Batting: RHB Jeffrey Hicks
|
0-0: Ball Carlos López is caught stealing 2nd base 1-0: Ball 2-0: Foul Ball, location: 2F 2-1: Foul Ball, location: 2F 2-2: Strikes out swinging
|
Batting: RHB Carlos Luna
|
0-0: Called Strike 0-1: Ball 1-1: Ball 2-1: Foul Ball, location: 2F 2-2: Foul Ball, location: 2F 2-2: Ball 3-2: Foul Ball, location: 2F 3-2: Foul Ball, location: 2F 3-2: Foul Ball, location: 2F 3-2: SINGLE (Line Drive, 56)
|
Batting: SHB William Hamilton
|
0-0: Ball 1-0: Called Strike 1-1: Called Strike Throwing error on steal attempt, E2 Carlos Luna to third 1-2: Ball Wild Pitch! Carlos Luna scores 2-2: Fly out, F4 (Line Drive, 34)
|
Bottom of the 2nd over - 1 run(s), 2 hit(s), 1 error(s), 0 left on base; Rio Grande 0 - Minnesota 1 |
TOP OF THE 3RD |
Rio Grande Rattlesnake batting - Pitching for Minnesota ManBearPigs : LHP Glenn Fox
|
Batting: LHB Alberto Roberts
|
0-0: Called Strike 0-1: Ball 1-1: Ground out 6-3 (Groundball, 6MS)
|
Batting: RHB Juan López
|
0-0: Foul Ball, location: 2F 0-1: Swinging Strike 0-2: SINGLE (Flyball, 8RS)
|
Batting: RHB Paul Martin
|
0-0: Called Strike Pickoff Throw to First - Out! 0-1: Swinging Strike 0-2: Ball 1-2: Ball 2-2: Foul Ball, location: 2F 2-2: Ball 3-2: Strikes out swinging
|
Top of the 3rd over - 0 run(s), 1 hit(s), 0 error(s), 0 left on base; Rio Grande 0 - Minnesota 1 |
BOTTOM OF THE 3RD |
Minnesota ManBearPigs batting - Pitching for Rio Grande Rattlesnake : RHP Bryce Davis
|
Batting: RHB Jorge Mora
|
0-0: Ball 1-0: Ball 2-0: Ball 3-0: Called Strike 3-1: Base on Balls
|
Batting: LHB Elvin Summers
|
0-0: Foul Ball, location: 2F 0-1: Swinging Strike 0-2: Ball 1-2: Ball 2-2: Strikes out swinging
|
Batting: RHB Casey Fox
|
0-0: Fly out, F6 (Line Drive, 6)
|
Batting: RHB Pat Fernández
|
0-0: Ball 1-0: SINGLE (Line Drive, 4MD) Jorge Mora to second
|
Batting: RHB Ricardo Salazar
|
0-0: Called Strike 0-1: Ball 1-1: Foul Ball, location: 2F 1-2: Ball 2-2: SINGLE (Groundball, 56D) Jorge Mora to third Pat Fernández to second Runner from 3rd tries for Home, SAFE, no throw
|
Batting: RHB Carlos López
|
0-0: Called Strike 0-1: Called Strike 0-2: Fly out, F8 (Line Drive, 89M)
|
Bottom of the 3rd over - 1 run(s), 2 hit(s), 0 error(s), 2 left on base; Rio Grande 0 - Minnesota 2 |
TOP OF THE 4TH |
Rio Grande Rattlesnake batting - Pitching for Minnesota ManBearPigs : LHP Glenn Fox
|
Batting: RHB Miguel Hernández
|
0-0: Called Strike 0-1: Swinging Strike 0-2: SINGLE (Line Drive, 34D)
|
Batting: SHB Brian Moyer
|
0-0: Ball 1-0: Foul Ball, location: 2F 1-1: Ball 2-1: Ball 3-1: Base on Balls Miguel Hernández to second
|
Batting: LHB Claudio Rodríguez
|
0-0: Called Strike 0-1: Foul Ball, location: 2F 0-2: DOUBLE (Flyball, 89D) Miguel Hernández scores Brian Moyer to third
|
Batting: RHB Jeff Bane
|
0-0: Foul Ball, location: 2F 0-1: Ball 1-1: Ball 2-1: Fly out, F5 (Line Drive, 5)
|
Batting: RHB Gilberto Silva
|
0-0: Ball 1-0: Ball 2-0: Ball 3-0: Base on Balls
|
Batting: SHB Jeremy Holmes
|
0-0: Ball 1-0: Called Strike 1-1: Foul Ball, location: 2F 1-2: Foul Ball, location: 2F 1-2: Foul Ball, location: 2F 1-2: Ball 2-2: Ball 3-2: Foul Ball, location: 2F 3-2: Foul Ball, location: 2F 3-2: Foul Ball, location: 2F 3-2: SINGLE (Groundball, 6) (infield hit) Brian Moyer scores Claudio Rodríguez to third Gilberto Silva to second
|
Batting: LHB Alberto Roberts
|
0-0: Ball 1-0: SINGLE (Groundball, 4MD) Claudio Rodríguez scores Gilberto Silva to third Jeremy Holmes to second Runner from 3rd tries for Home, SAFE, throw made home Jeremy Holmes to third Alberto Roberts to second
|
Batting: RHB Juan López
|
0-0: Foul Ball, location: 2F 0-1: Fly out, F5 (Line Drive, 56)
|
Batting: RHB Paul Martin
|
0-0: Foul Ball, location: 2F 0-1: Ball 1-1: Foul Ball, location: 2F 1-2: Ball 2-2: Ball 3-2: SINGLE (Groundball, 6MD) Jeremy Holmes scores Alberto Roberts to third Alberto Roberts scores
|
Pitching: RHP Brad White
|
|
Batting: RHB Miguel Hernández
|
0-0: Ball 1-0: Ball 2-0: Swinging Strike 2-1: Ball 3-1: Base on Balls Paul Martin to second
|
Batting: SHB Brian Moyer
|
0-0: Ball 1-0: Foul Ball, location: 2F 1-1: Foul Ball, location: 2F 1-2: Ball 2-2: Ball 3-2: Strikes out looking
|
Top of the 4th over - 6 run(s), 5 hit(s), 0 error(s), 2 left on base; Rio Grande 6 - Minnesota 2 |
BOTTOM OF THE 4TH |
Minnesota ManBearPigs batting - Pitching for Rio Grande Rattlesnake : RHP Bryce Davis
|
Batting: RHB Jeffrey Hicks
|
0-0: Called Strike 0-1: Swinging Strike 0-2: Ball 1-2: Ball 2-2: Ground out 1-3 (Groundball, 13)
|
Batting: RHB Carlos Luna
|
0-0: Foul Ball, location: 2F 0-1: Ball 1-1: Foul Ball, location: 2F 1-2: Reached on error, E5 (Groundball, 56)
|
Batting: SHB William Hamilton
|
0-0: Swinging Strike 0-1: Ball 1-1: Ball 2-1: Foul Ball, location: 2F 2-2: Grounds into double play, 4-6-3 (Groundball, 4)
|
Bottom of the 4th over - 0 run(s), 0 hit(s), 1 error(s), 0 left on base; Rio Grande 6 - Minnesota 2 |
TOP OF THE 5TH |
Rio Grande Rattlesnake batting - Pitching for Minnesota ManBearPigs : RHP Brad White
|
Batting: LHB Claudio Rodríguez
|
0-0: Ball 1-0: Ball 2-0: Ball 3-0: Base on Balls
|
Batting: RHB Jeff Bane
|
0-0: Ball 1-0: Grounds into double play, 4-6-3 (Groundball, 4)
|
Batting: RHB Gilberto Silva
|
0-0: Ball 1-0: SINGLE (Groundball, 56S) (infield hit)
|
Batting: SHB Jeremy Holmes
|
0-0: Ball 1-0: Foul Ball, location: 2F 1-1: Fly out, F7 (Flyball, 78S)
|
Top of the 5th over - 0 run(s), 1 hit(s), 0 error(s), 1 left on base; Rio Grande 6 - Minnesota 2 |
BOTTOM OF THE 5TH |
Minnesota ManBearPigs batting - Pitching for Rio Grande Rattlesnake : RHP Bryce Davis
|
Batting: RHB Jorge Mora
|
0-0: Foul Ball, location: 2F 0-1: Foul Ball, location: 2F 0-2: Fly out, F9 (Line Drive, 9)
|
Batting: LHB Elvin Summers
|
0-0: Ground out 5-3 (Groundball, 56S)
|
Batting: RHB Casey Fox
|
0-0: Fly out, F6 (Flyball, 6MD)
|
Bottom of the 5th over - 0 run(s), 0 hit(s), 0 error(s), 0 left on base; Rio Grande 6 - Minnesota 2 |
TOP OF THE 6TH |
Rio Grande Rattlesnake batting - Pitching for Minnesota ManBearPigs : RHP Brad White
|
Batting: LHB Alberto Roberts
|
0-0: Called Strike 0-1: Foul Ball, location: 2F 0-2: Ball 1-2: Fly out, F2 (Popup, 3S)
|
Batting: RHB Juan López
|
0-0: Ball 1-0: Ground out 5-3 (Groundball, 56S)
|
Batting: RHB Paul Martin
|
0-0: Ball 1-0: Ball 2-0: Ball 3-0: Called Strike 3-1: Base on Balls
|
Batting: RHB Miguel Hernández
|
0-0: Ball 1-0: Called Strike 1-1: Foul Ball, location: 2F 1-2: Ball 2-2: Fly out, F4 (Popup, 3D)
|
Top of the 6th over - 0 run(s), 0 hit(s), 0 error(s), 1 left on base; Rio Grande 6 - Minnesota 2 |
BOTTOM OF THE 6TH |
Minnesota ManBearPigs batting - Pitching for Rio Grande Rattlesnake : RHP Bryce Davis
|
Batting: RHB Pat Fernández
|
0-0: Called Strike 0-1: Ball 1-1: Ball 2-1: Ball 3-1: Base on Balls
|
Batting: RHB Ricardo Salazar
|
0-0: Ball 1-0: Fly out, F9 (Flyball, 9S)
|
Batting: RHB Carlos López
|
0-0: Ball 1-0: Ball 2-0: Fly out, F8 (Flyball, 8RS)
|
Batting: RHB Jeffrey Hicks
|
0-0: Foul Ball, location: 2F 0-1: Fly out, F8 (Flyball, 8RM)
|
Bottom of the 6th over - 0 run(s), 0 hit(s), 0 error(s), 1 left on base; Rio Grande 6 - Minnesota 2 |
TOP OF THE 7TH |
Rio Grande Rattlesnake batting - Pitching for Minnesota ManBearPigs : RHP Brad White
|
Batting: SHB Brian Moyer
|
0-0: SINGLE (Line Drive, 4M)
|
Batting: LHB Claudio Rodríguez
|
0-0: Ball 1-0: Called Strike 1-1: Ball 2-1: Ball 3-1: Base on Balls Brian Moyer to second
|
Batting: RHB Jeff Bane
|
0-0: Fly out, F8 (Flyball, 89M)
|
Batting: RHB Gilberto Silva
|
0-0: Foul Ball, location: 2F 0-1: Ball 1-1: Foul Ball, location: 2F 1-2: Strikes out swinging
|
Pitching: RHP Jorge Amador
|
|
Batting: SHB Jeremy Holmes
|
0-0: Ball 1-0: Ball 2-0: Ball 3-0: Base on Balls Brian Moyer to third Claudio Rodríguez to second
|
Batting: LHB Alberto Roberts
|
0-0: Fly out, F8 (Flyball, 8LS)
|
Top of the 7th over - 0 run(s), 1 hit(s), 0 error(s), 3 left on base; Rio Grande 6 - Minnesota 2 |
BOTTOM OF THE 7TH |
Minnesota ManBearPigs batting - Pitching for Rio Grande Rattlesnake : RHP Bryce Davis
|
Pitching: RHP Nelson Britt
|
|
Batting: RHB Carlos Luna
|
0-0: Ball 1-0: Ground out 6-3 (Groundball, 6)
|
Batting: SHB William Hamilton
|
0-0: Ball 1-0: Foul Ball, location: 2F 1-1: Swinging Strike 1-2: Strikes out swinging
|
Batting: RHB Jorge Mora
|
0-0: Foul Ball, location: 2F 0-1: Called Strike 0-2: Ball 1-2: Ball 2-2: Strikes out swinging
|
Bottom of the 7th over - 0 run(s), 0 hit(s), 0 error(s), 0 left on base; Rio Grande 6 - Minnesota 2 |
TOP OF THE 8TH |
Rio Grande Rattlesnake batting - Pitching for Minnesota ManBearPigs : RHP Jorge Amador
|
Batting: RHB Juan López
|
0-0: Called Strike 0-1: SINGLE (Line Drive, 8LS)
|
Batting: RHB Paul Martin
|
0-0: Bunted foul 0-1: Bunted foul 0-2: Ball 1-2: Ball 2-2: Ball 3-2: Foul Ball, location: 2F 3-2: Foul Ball, location: 2F 3-2: Fielders Choice at 2nd, 2-4 (Groundball, 2L)
|
Batting: RHB Miguel Hernández
|
0-0: Called Strike 0-1: Called Strike 0-2: Strikes out swinging
|
Batting: SHB Brian Moyer
|
0-0: Called Strike 0-1: Ball 1-1: Ball 2-1: Ball 3-1: Base on Balls Paul Martin to second
|
Batting: LHB Claudio Rodríguez
|
0-0: Ball 1-0: Ball 2-0: Foul Ball, location: 2F 2-1: Ball 3-1: Foul Ball, location: 2F 3-2: Ground out U3 (Groundball, 3S)
|
Top of the 8th over - 0 run(s), 1 hit(s), 0 error(s), 2 left on base; Rio Grande 6 - Minnesota 2 |
BOTTOM OF THE 8TH |
Minnesota ManBearPigs batting - Pitching for Rio Grande Rattlesnake : RHP Nelson Britt
|
Batting: LHB Elvin Summers
|
0-0: Swinging Strike 0-1: Ball 1-1: Ball 2-1: Ball 3-1: Base on Balls
|
Batting: RHB Casey Fox
|
0-0: Ball 1-0: Foul Ball, location: 2F 1-1: SINGLE (Line Drive, 4MD) Elvin Summers to second
|
Pitching: RHP Adrián Mora
|
|
Batting: RHB Pat Fernández
|
0-0: Ball 1-0: Called Strike 1-1: SINGLE (Groundball, 4MD) Elvin Summers to third Casey Fox to second
|
Batting: RHB Ricardo Salazar
|
0-0: Called Strike 0-1: Ball 1-1: Foul Ball, location: 2F 1-2: Strikes out swinging
|
Batting: RHB Carlos López
|
0-0: Called Strike 0-1: Called Strike 0-2: Ball 1-2: Foul Ball, location: 2F 1-2: Foul Ball, location: 2F 1-2: Foul Ball, location: 2F 1-2: Ball 2-2: Ball 3-2: Foul Ball, location: 2F 3-2: Strikes out looking
|
Batting: RHB Jeffrey Hicks
|
0-0: Ball 1-0: Foul Ball, location: 2F 1-1: Swinging Strike 1-2: DOUBLE (Line Drive, 89D) Elvin Summers scores Casey Fox scores Pat Fernández to third Runner from 3rd tries for Home, throw and OUT!
|
Bottom of the 8th over - 2 run(s), 3 hit(s), 0 error(s), 1 left on base; Rio Grande 6 - Minnesota 4 |
TOP OF THE 9TH |
Rio Grande Rattlesnake batting - Pitching for Minnesota ManBearPigs : RHP Jorge Amador
|
Pitching: RHP Renaldo Quilh
|
|
Batting: RHB Jeff Bane
|
0-0: Fly out, F6 (Popup, 6D)
|
Batting: RHB Gilberto Silva
|
0-0: Called Strike 0-1: Ball 1-1: Swinging Strike 1-2: Foul Ball, location: 2F 1-2: Ball 2-2: Ball 3-2: Foul Ball, location: 2F 3-2: Base on Balls
|
Batting: SHB Jeremy Holmes
|
0-0: SINGLE (Line Drive, 4D) Gilberto Silva to second
|
Pinch Hitting: SHB William Daly
|
0-0: Ball 1-0: Swinging Strike 1-1: Foul Ball, location: 2F 1-2: Ball 2-2: Foul Ball, location: 2F 2-2: Fly out, F7 (Flyball, 7LSF)
|
Batting: RHB Juan López
|
0-0: Foul Ball, location: 2F 0-1: Foul Ball, location: 2F 0-2: Ball 1-2: Strikes out swinging
|
Top of the 9th over - 0 run(s), 1 hit(s), 0 error(s), 2 left on base; Rio Grande 6 - Minnesota 4 |
BOTTOM OF THE 9TH |
Minnesota ManBearPigs batting - Pitching for Rio Grande Rattlesnake : RHP Adrián Mora
|
Pitching: RHP Juan Gutiérrez
|
|
Now in LF: William Daly
|
|
Batting: RHB Carlos Luna
|
0-0: Called Strike 0-1: Called Strike 0-2: Strikes out swinging
|
Batting: SHB William Hamilton
|
0-0: Called Strike 0-1: Foul Ball, location: 2F 0-2: Strikes out swinging
|
Batting: RHB Jorge Mora
|
0-0: Called Strike 0-1: Called Strike 0-2: Ball 1-2: Ball 2-2: Foul Ball, location: 2F 2-2: Foul Ball, location: 2F 2-2: Ball 3-2: Base on Balls
|
Batting: LHB Elvin Summers
|
0-0: Ball 1-0: Swinging Strike 1-1: Swinging Strike 1-2: Foul Ball, location: 2F 1-2: Fielders Choice at 2nd, U6 (Groundball, 6M)
|
Bottom of the 9th over - 0 run(s), 0 hit(s), 0 error(s), 1 left on base; Rio Grande 6 - Minnesota 4 |
|